 Dungeon Crawl Stone Soup version 0.30-a0-715-gdb4ae3ece1 (webtiles) character file.

Game seed: 17170066693149886412

8855 avis the Nimble (level 10, -5/81 HPs)
             Began as a Demigod Hunter on Jan 24, 2023.
             Slain by an eight-headed hydra (8 damage)
             ... on level 1 of the Lair of Beasts on Jan 25, 2023.
             The game lasted 01:00:10 (9029 turns).

avis the Nimble (Demigod Hunter)                    Turns: 9029, Time: 01:00:10

Health: -5/81      AC:  8    Str: 12    XL:     10   Next: 93%
Magic:  13/13      EV: 30    Int: 11    God:
Gold:   411        SH:  5    Dex: 29    Spells: 9/9 levels left

rFire   . . .      SeeInvis .    b - +0 shortbow
rCold   + . .      Faith    .    (shield currently unavailable)
rNeg    + . .      Spirit   .    z - +2 robe of Tartarus {rN+ Slay+3 Stlth+}
rPois   .          Reflect  +    A - +2 helmet
rElec   .          Harm     .    (no cloak)
rCorr   .          Rampage  .    k - +0 pair of gloves
Will    +....                    (no boots)
Stlth   ++++                     t - amulet of reflection
HPRegen 0.33/turn                E - ring of protection from cold
MPRegen 0.13/turn                G - +5 ring of evasion

@: no status effects
A: high MP 1, forlorn, divine attributes
a: no special abilities


You were on level 1 of the Lair of Beasts.
You visited 3 branches of the dungeon, and saw 10 of its levels.
You also visited: Ossuary.

You collected 560 gold pieces.
You spent 149 gold pieces at shops.

Inventory:

Hand Weapons
 a - the +6 quarterstaff "Iburghupn" {pain, *Slow rN+ Dex+3}
   (You found it on level 2 of the Dungeon)

   Dex:       It affects your dexterity (+3).
   rN:        It protects you from negative energy.
   *Slow:     It may slow you when you take damage.
 b - a +0 shortbow (weapon)
 g - a +0 rapier
Missiles
 L - 6 boomerangs
 P - 2 curare-tipped darts
Armour
 k - a +0 pair of gloves (worn)
 o - a +0 buckler
 z - the +2 robe of Tartarus (worn) {rN+ Slay+3 Stlth+}
   (You bought it in a shop on level 3 of the Dungeon)

   Slay:      It affects your accuracy & damage with ranged weapons and melee
   (+3).
   rN:        It protects you from negative energy.
   Stlth:     It makes you more stealthy.
 A - a +2 helmet (worn)
Jewellery
 q - a ring of resist corrosion
 t - an amulet of reflection (around neck)
 x - a ring of protection from fire
 E - a ring of protection from cold (left hand)
 G - a +5 ring of evasion (right hand)
 N - a ring of protection from cold
Wands
 c - a wand of digging (7)
 m - a wand of charming (4)
 y - a wand of flame (14)
 F - a wand of mindburst (3)
Scrolls
 e - 2 scrolls of teleportation {unknown}
 f - 3 scrolls of vulnerability {unknown}
 j - a scroll of brand weapon {unknown}
 l - a scroll of summoning {unknown}
 p - a scroll of blinking {unknown}
 s - a scroll of immolation
 v - 2 scrolls of torment {unknown}
 w - 2 scrolls of noise {unknown}
 D - 2 scrolls of amnesia {unknown}
 H - 2 scrolls of fear {unknown}
 I - a scroll of enchant armour {unknown}
 M - a scroll of identify
Potions
 d - 4 potions of cancellation
 h - a potion of haste {unknown}
 i - a potion of brilliance
 n - 2 potions of attraction
 r - a potion of flight
 u - 2 potions of mutation
 B - a potion of ambrosia
 C - 4 potions of curing
 K - a potion of magic {unknown}
 Q - a potion of lignification {unknown}
 R - a potion of might {unknown}


   Skills:
 - Level 5.0 Fighting
 - Level 10.0 Ranged Weapons
 * Level 11.8 Dodging
 - Level 4.0 Stealth


You had 9 spell levels left.
You didn't know any spells.
Your spell library contained the following spells:

 Spells                   Type           Power      Damage    Failure   Level
 Apportation              Tloc           0%         N/A       34%         1
 Necrotise                Necr           0%         1d4       34%         1
 Summon Small Mammal      Summ           0%         N/A       34%         1


Dungeon Overview and Level Annotations

Branches:
Dungeon (8/15)             Temple (1/1) D:5            Lair (1/5) D:8
Ossuary (visited)

Shops:
D:3 ***   D:7 *

Annotations:
D:3 1 runed translucent door, exclusion: door, Crazy Yiuf, Sigmund


Innate Abilities, Weirdness & Mutations

You have an increased reservoir of magic. (+10% MP)
You shall have no god before yourself.
Your divine heritage dramatically boosts your attributes as you level up.


Message History

Fire: b) +0 shortbow
Press: ? - help, Q - select action, (/) - cycle Shift-Dir - straight line, f/p - eight-headed hydra
Aim: an eight-headed hydra (moderately wounded, 85% to hit)
You shoot an arrow. The arrow hits the eight-headed hydra.
The eight-headed hydra is moderately wounded.
The eight-headed hydra completely misses you.
The eight-headed hydra bites you but does no damage.
The eight-headed hydra bites you! x2
* * * LOW HITPOINT WARNING * * *
The eight-headed hydra closely misses you.
The eight-headed hydra completely misses you. x2
The eight-headed hydra bites you but does no damage.
Fire: b) +0 shortbow
Press: ? - help, Q - select action, (/) - cycle Shift-Dir - straight line, f/p - eight-headed hydra
Aim: an eight-headed hydra (moderately wounded, 85% to hit)
You shoot an arrow. The arrow hits the eight-headed hydra!
The eight-headed hydra is heavily wounded.
The eight-headed hydra completely misses you.
The eight-headed hydra bites you.
* * * LOW HITPOINT WARNING * * *
You block the eight-headed hydra's attack.
The eight-headed hydra completely misses you. x4
The eight-headed hydra barely misses you.
Aiming: Mindburst
Press: ? - help, Shift-Dir - straight line, f/p - eight-headed hydra
Aim: an eight-headed hydra (heavily wounded, chance to affect: 29%)
The eight-headed hydra easily resists.
The eight-headed hydra closely misses you.
The eight-headed hydra bites you!
* * * LOW HITPOINT WARNING * * *
You block the eight-headed hydra's attack. x2
The eight-headed hydra closely misses you.
The eight-headed hydra completely misses you. x2
The eight-headed hydra bites you.
* * * LOW HITPOINT WARNING * * *
You feel better. The eight-headed hydra misses you.
The eight-headed hydra bites you.
* * * LOW HITPOINT WARNING * * *
The eight-headed hydra bites you!
You die...

###..##.....P# #♣...P..P...(.P.
######..#...# #...............
#...÷......P######.............P
#..######......# #.♣...........♣
#.## ######.# ###..P........#
#.# #.# ###........## #.## #.#
#####....#.# ##.P#
###.#####.PP..###..# #..##
#P<)@Dh†....†## #.# ##.#
##..#####.#..# .# #.## ###..#
####.# # #..# ##....# #.# #.##
###.....# #.# ##.##
#..###.########... #P.P# #.##
##........... ##.P#
##.###.##.###.#....
#.########.#..#### ##.##


You could see an eight-headed hydra and a wolf.

Vanquished Creatures
  A two-headed ogre (D:8)
  2 komodo dragons (Lair:1)
  Prince Ribbit (D:5)
  13 yaks
  A spriggan (D:8)
  2 steam dragons
  3 vampire mosquitoes (D:8)
  2 wargs (D:8)
  An acid dragon (D:8)
  4 water moccasins
  A sky beast (D:8)
  3 orc warriors (D:8)
  An ogre (D:6)
  2 black bears
  5 ice beasts
  4 wolves (Lair:1)
  3 centaurs
  4 phantoms
  4 bullfrogs
  2 kobold brigands (D:8)
  2 necrophages
  2 scorpions
  4 wights
  A killer bee (D:8)
  4 electric eels
  3 howler monkeys
  4 centaur zombies (Ossuary)
  4 orc priests
  5 hounds
  A human zombie (Ossuary)
  Jessica (D:3)
  10 orc wizards
  An iguana (D:6)
  Natasha (D:4)
  A centaur simulacrum (D:8)
  2 hound zombies (Ossuary)
  3 mummies (Ossuary)
  Robin (D:3)
  5 adders
  2 shadow imps
  A howler monkey simulacrum (D:8)
  4 white imps
  4 adder zombies (Ossuary)
  4 dart slugs
  29 orcs
  3 ball pythons
  7 endoplasms
  3 gnoll zombies (Ossuary)
  10 goblins
  7 hobgoblins
  7 jackals
  8 quokkas
  5 bats
  3 frilled lizards
  4 goblin zombies
  6 hobgoblin zombies (Ossuary)
  A jackal zombie (Ossuary)
  6 kobolds
  3 kobold zombies (Ossuary)
  2 orc zombies (Ossuary)
  9 rats
  7 rat zombies
249 creatures vanquished.

Vanquished Creatures (others)
  An orc warrior (D:8)
  A centaur (D:8)
  A howler monkey (D:8)
  An orc wizard (D:8)
  A shadow imp (D:5)
  2 fungi (Lair:1)
  5 plants
12 creatures vanquished.

Grand Total: 261 creatures vanquished

Notes
Turn   | Place    | Note
-------+----------+-------------------------------------------
     0 | D:1      | avis the Demigod Hunter began the quest for the Orb.
     0 | D:1      | Reached XP level 1. HP: 17/17 MP: 3/3
   128 | D:1      | Reached skill level 1 in Stealth
   313 | D:1      | You fall into a shaft and drop 1 floor!
   334 | D:2      | Reached XP level 2. HP: 24/24 MP: 4/4
   355 | D:2      | Reached skill level 2 in Dodging
  1162 | D:2      | Reached XP level 3. HP: 29/29 MP: 5/5
  1175 | D:2      | Identified the +2 ring mail of Impatience {rC+}
  1270 | D:2      | Identified the +6 quarterstaff "Iburghupn" {pain, *Slow rN+
                  | Dex+3}
  1680 | D:3      | Reached skill level 3 in Dodging
  1724 | D:3      | Reached XP level 4. HP: 33/37 MP: 6/6
  1834 | D:3      | Found a runed translucent door.
  1835 | D:3      | Noticed Crazy Yiuf
  1855 | D:3      | Noticed Jessica
  1863 | D:3      | Killed Jessica
  1928 | D:3      | Found Imorienk's Assorted Antiques.
  1944 | D:3      | Bought a scroll labelled BOP LYIDAMI for 24 gold pieces
  2291 | D:3      | Found Awaabaso's Assorted Antiques.
  2315 | D:3      | Noticed Sigmund
  2580 | D:3      | Noticed Robin
  2595 | D:3      | Killed Robin
  2652 | D:3      | Found Dido's General Store.
  2808 | D:4      | Reached XP level 5. HP: 41/45 MP: 7/7
  2980 | D:3      | Bought a brightly glowing robe for 125 gold pieces
  2980 | D:3      | Identified the +2 robe of Tartarus {rN+ Slay+3 Stlth+} (You
                  | bought it in a shop on level 3 of the Dungeon)
  3069 | D:4      | Noticed Natasha
  3072 | D:4      | Killed Natasha
  3240 | D:4      | Reached skill level 5 in Ranged Weapons
  3263 | D:4      | Found a sand-covered staircase.
  3277 | Ossuary  | Entered an ossuary
  3382 | Ossuary  | Reached XP level 6. HP: 51/51 MP: 8/8
  3543 | Ossuary  | Reached skill level 4 in Dodging
  4185 | D:5      | Entered Level 5 of the Dungeon
  4199 | D:4      | Reached XP level 7. HP: 56/57 MP: 9/9
  4208 | D:4      | Reached skill level 5 in Dodging
  4219 | D:5      | Noticed Prince Ribbit
  4315 | D:5      | Killed Prince Ribbit
  4316 | D:5      | Reached skill level 6 in Dodging
  4430 | D:5      | Reached XP level 8. HP: 66/66 MP: 10/10
  4746 | D:5      | Found a staircase to the Ecumenical Temple.
  4755 | Temple   | Entered the Ecumenical Temple
  5240 | D:6      | Noticed a moth of wrath
  6036 | D:7      | Found Gozag's Platinum Reserve.
  6362 | D:7      | Reached skill level 7 in Dodging
  6459 | D:7      | Reached XP level 9. HP: 60/71 MP: 11/11
  6553 | D:7      | Reached skill level 8 in Dodging
  6974 | D:8      | Reached skill level 9 in Dodging
  7111 | D:8      | Reached skill level 5 in Fighting
  7290 | D:8      | Found a staircase to the Lair.
  7401 | D:8      | Reached XP level 10. HP: 81/81 MP: 13/13
  7523 | D:8      | Noticed a two-headed ogre
  7536 | D:8      | Killed a two-headed ogre
  7537 | D:8      | Reached skill level 10 in Ranged Weapons
  7766 | D:8      | Reached skill level 10 in Dodging
  8175 | D:8      | Reached skill level 11 in Dodging
  8424 | Lair:1   | Entered Level 1 of the Lair of Beasts
  8705 | Lair:1   | Noticed an eight-headed hydra
  8705 | Lair:1   | Noticed an eight-headed hydra
  8733 | Lair:1   | HP: 3/81 [spriggan/+0 rapier (7)]
  9028 | Lair:1   | HP: 3/81 [eight-headed hydra (12)]
  9028 | Lair:1   | HP: 1/81 [eight-headed hydra (2)]
  9029 | Lair:1   | Slain by an eight-headed hydra

Illustrated notes

Levels and vault maps discovered:
D:1:      heliophobic_arrival_glass_houses, layout_loops_ring
D:2:      layout_basic
D:3:      layout_basic, serial_shops, nicolae_shop_stone, shop, shop,
          kennysheep_minor_cross, uniq_crazy_yiuf_cottage, uniq_robin,
          uniq_sigmund, uniq_jessica
D:4:      layout_loops_ring, mainiacjoe_overflow_concentric_impassable,
          enter_ossuary_4, uniq_natasha
D:5:      layout_cave_pools, lemuel_temple_firewalk_b, uniq_prince_ribbit1
D:6:      layout_basic, mainiacjoe_overflow_surrounded_room, tgw_trog
D:7:      layout_basic, ashenzari_conservatory_becter,
          nicolae_ru_the_path_less_chosen, mainiacjoe_overflow_cross_hatched,
          nicolae_gozag_zags_fifth_avenue, mainiacjoe_overflow_boulevard,
          kennysheep_generic_room_16
D:8:      minmay_octagon_keep, layout_basic, overflow_temple_1_default,
          xom_confusion_cloud, erik_lair_orcish_takeover, serial_ice,
          serial_ice_d, serial_ice_f, serial_ice_m, serial_ice_o,
          palyth_stone_intersect, st_stairs_12, hex_tiny, fountainhead
Temple:   hellmonk_temple_micro_hex
Lair:1:   layout_loops_ring, gammafunk_ghost_abyssal_escape,
          grunt_forest_large_clearing_hut

Skill      XL: |  1  2  3  4  5  6  7  8  9 10 |
---------------+-------------------------------+-----
Stealth        | 1 2 3 4 |  4.0
Fighting       | 2 3 4 5 |  5.0
Ranged Weapons | 4 5 6 8 9 10 | 10.0
Dodging        | 2 3 4 6 7 9 11 | 11.8

Action                     |  1- 3 |  4- 6 |  7- 9 | 10-12 || total
---------------------------+-------+-------+-------+-------++-------
  Melee: Dagger            |     2 |       |       |       ||     2
         Quarterstaff      |     6 |    14 |     7 |    56 ||    83
   Fire: Shortbow          |    72 |   207 |   377 |   192 ||   848
  Evoke: Wand              |       |       |       |     3 ||     3
    Use: Scroll            |       |     6 |     3 |       ||     9
         Potion            |       |       |     1 |     5 ||     6
 Armour: Leather armour    |     7 |       |       |       ||     7
         Robe              |       |    37 |    27 |    22 ||    86
  Dodge: Dodged            |    25 |   107 |   193 |   213 ||   538
  Block: Other             |       |    33 |    42 |    45 ||   120
         Reflection        |       |     1 |     1 |     1 ||     3

Table legend: (Time is in decaauts)
 A = Elapsed time spent in this place.
 B = Non-inter-level travel time spent in this place.
 C = Inter-level travel time spent in this place.
 D = Time resting spent in this place.
 E = Time spent auto-exploring this place.
 F = Levels seen in this place.
 G = Mean time per level.
                   A        B        C        D        E       F      G
               +--------+--------+--------+--------+--------+-----+--------+
         Total |   9161 |   8270 |    891 |    795 |   4601 |  11 |  832.8 |
       Dungeon |   8358 |   7467 |    891 |    695 |   4499 |   8 | 1044.8 |
        Temple |     19 |     19 |      0 |      0 |      0 |   1 |   19.0 |
          Lair |    427 |    427 |      0 |    100 |    102 |   1 |  427.0 |
       Ossuary |    356 |    356 |      0 |      0 |      0 |   1 |  356.0 |
               +--------+--------+--------+--------+--------+-----+--------+

Top non-repeatable levels by time:
     D:8: 1679 daAuts
     D:3: 1189 daAuts
     D:7: 1074 daAuts
     D:1: 1006 daAuts
     D:4: 982 daAuts
     D:6: 873 daAuts
     D:2: 807 daAuts
     D:5: 744 daAuts
  Lair:1: 427 daAuts
 Ossuary: 356 daAuts
  Temple: 19 daAuts
